 Dungeon Crawl Stone Soup version 0.23.0-42-geed6394 (webtiles) character file.

Game seed: 11727597932485332841

601 EtherCrawl the Slasher (level 7, -4/49 HPs)
             Began as a Halfling Chaos Knight on Feb 28, 2019.
             Was a Plaything of Xom.
             Killed by divine providence
             ... invoked by an orc priest
              (13 damage)
             ... on level 3 of the Dungeon.
             The game lasted 00:06:42 (2902 turns).

EtherCrawl the Slasher (Halfling Chaos Knight)      Turns: 2902, Time: 00:06:43

Health: -4/49      AC:  6    Str: 14    XL:     7   Next: 69%
Magic:  6/6        EV: 13    Int: 11    God:    Xom [....*.]
Gold:   158        SH:  4    Dex: 12    Spells: 6/6 levels left

rFire    . . .     SeeInvis .   a - +0 falchion (chaos)
rCold    . . .     Gourm    .   m - +0 buckler
rNeg     . . .     Faith    .   b - +2 leather armour
rPois    .         Spirit   .   v - +0 helmet
rElec    .         Reflect  .   s - scarf {repulsion}
rCorr    .         Harm     .   (no gloves)
MR       +....                  (no boots)
Stlth    +.........             (no amulet)
HPRegen  0.16/turn              o - ring of protection from magic
MPRegen  0.10/turn              (no ring)

@: repel missiles
A: small, blurry vision 1, clumsy 1, low mp 1, mutation resistance 1
a: Renounce Religion


You were on level 3 of the Dungeon.
You worshipped Xom.
You were a beloved toy of Xom.
You were not hungry.

You visited 1 branch of the dungeon, and saw 3 of its levels.

You collected 158 gold pieces.

Inventory:

Hand Weapons
 a - a +0 falchion of chaos (weapon)
 A - a +0 blowgun
Missiles
 e - 96 stones (quivered)
 p - 2 curare-tipped needles
 t - 47 arrows
Armour
 b - a +2 leather armour (worn)
 m - a +0 buckler (worn)
 s - a scarf of repulsion (worn)
 v - a +0 helmet (worn)
Jewellery
 o - a ring of protection from magic (left hand)
Scrolls
 d - 4 scrolls of identify {unknown}
 f - a scroll of enchant armour {unknown}
 g - 5 scrolls of blinking {unknown}
 h - a scroll of noise {unknown}
 r - 2 scrolls of remove curse {unknown}
 w - a scroll of amnesia {unknown}
 y - a scroll of teleportation {unknown}
 z - 2 scrolls of enchant weapon {unknown}
Potions
 i - a potion of invisibility {unknown}
 j - a potion of might {unknown}
 k - a potion of haste
 l - 3 potions of berserk rage {unknown}
 n - a potion of degeneration {unknown}
 q - a potion of agility {unknown}
 u - 2 potions of heal wounds {unknown}
 x - a potion of ambrosia {unknown}
Comestibles
 c - 7 rations
 B - 2 chunks of flesh


   Skills:
 + Level 4.7 Fighting
 * Level 6.9 Long Blades
 - Level 2.1 Armour
 - Level 1.1 Dodging
 * Level 1.5 Shields


You had 6 spell levels left.
You didn't know any spells.
Your spell library was empty.

Dungeon Overview and Level Annotations

Branches:
Dungeon (3/15)

Altars:
Kikubaaqudgha
Makhleb
Nemelex Xobeh
Okawaru
Xom


Innate Abilities, Weirdness & Mutations

You are small and have problems with some larger weapons.
You are somewhat resistant to further mutation.
Scrolls take you a little longer to read.
You are clumsy. (Dex -2)
Your magical capacity is low. (-10% MP)


Message History

The orc barely misses you. The orc warrior misses you.
You hit the orc warrior but do no damage.
The orc warrior seems to speed up.
The orc warrior is heavily wounded.
The orc warrior hits you with a +0 dire flail!
The orc closely misses you.
You hit the orc warrior but do no damage.
The orc warrior is heavily wounded.
The orc warrior hits you with a +0 dire flail!
The orc closely misses you.
The orc warrior hits you with a +0 dire flail!
* * * LOW HITPOINT WARNING * * *
You are too injured to fight recklessly!
Xom gives a demonstration of destructive might.
The fireball engulfs the orc warrior!
The fireball engulfs the orc!!
The orc dies!
The orc priest calls down the wrath of Beogh upon you.
Beogh smites you!
You die...
Xom titters! .#.#### ... ##. ........... #o. ## .#.######.# #oo

.# .#.# #.# .. .# .#.#
#.# #. .# .#.#
#.#########.#.#
.#.######..........#..#
.#.#...รท...########o###
.#.#.###....>...@o..#
.#..)....#.##########
.###.#####.# .# #.# #.#
.# #.# #.# .# #.# #.#
.###.# #.# .....# #.#
.##..# #.#


You could see an orc warrior and an orc priest.

Vanquished Creatures
  A shining eye (shapeshifter) (D:2)
  A hound (D:3)
  2 orc wizards (D:3)
  3 adders
  An ooze (D:1)
  3 worms (D:2)
  A dart slug (D:3)
  2 leopard geckos
  5 orcs (D:3)
  9 bats
  2 giant cockroaches
  12 goblins
  9 hobgoblins
  4 jackals
  10 kobolds
  A quokka (D:2)
  2 ball pythons
  8 frilled lizards
  17 rats
93 creatures vanquished.

Vanquished Creatures (others)
  An orc (D:3)
1 creature vanquished.

Grand Total: 94 creatures vanquished

Notes
Turn   | Place    | Note
-------+----------+-------------------------------------------
     0 | D:1      | EtherCrawl the Halfling Chaos Knight began the quest for
                  | the Orb.
     0 | D:1      | Reached XP level 1. HP: 15/15 MP: 1/1
    24 | D:1      | Found a shimmering altar of Xom.
    35 | D:1      | XOM: silly message
    51 | D:1      | Reached XP level 2. HP: 15/20 MP: 2/2
   220 | D:1      | Reached XP level 3. HP: 26/26 MP: 3/3
   434 | D:1      | XOM: scenery: 2 doors open
   497 | D:1      | Reached skill level 4 in Long Blades
   781 | D:1      | XOM: summons 3 hostile shadow creatures
  1033 | D:1      | XOM: mild Tloc miscast
  1033 | D:1      | XOM: smoke on damage
  1204 | D:1      | XOM: noise
  1209 | D:1      | XOM: stat loss: -1 Dex (12/13)
  1341 | D:2      | Reached XP level 4. HP: 27/31 MP: 4/4
  1344 | D:2      | XOM: noise
  1444 | D:2      | XOM: 9-stop teleportation journey
  1599 | D:2      | Noticed a glowing shapeshifter
  1599 | D:2      | a kobold changed into a glowing shapeshifter
  1599 | D:2      | Noticed a shining eye
  1599 | D:2      | a glowing shapeshifter changed into a shining eye
  1601 | D:2      | Gained mutation: Scrolls take you a little longer to read.
                  | [a shining eye]
  1615 | D:2      | Gained mutation: Your magical capacity is low. (-10% MP) [a
                  | shining eye]
  1616 | D:2      | Killed a shining eye
  1616 | D:2      | Reached skill level 6 in Long Blades
  1616 | D:2      | Reached XP level 5. HP: 33/38 MP: 4/4
  1616 | D:2      | Reached XP level 6. HP: 38/44 MP: 5/5
  1616 | D:2      | Reached XP level 7. HP: 43/49 MP: 6/6
  1632 | D:2      | XOM: mild Summ miscast
  1747 | D:2      | XOM: harmless Erth miscast
  1762 | D:2      | Found an iron altar of Okawaru.
  1763 | D:2      | Found an ancient bone altar of Kikubaaqudgha.
  1766 | D:2      | Found a sparkling altar of Nemelex Xobeh.
  2016 | D:2      | XOM: harmless Pois miscast
  2350 | D:3      | Reached skill level 1 in Shields
  2393 | D:3      | Found a burning altar of Makhleb.
  2453 | D:3      | XOM: give mutation
  2453 | D:3      | Gained mutation: You are clumsy. (Dex -2) [Xom's mischief]
  2555 | D:3      | XOM: 1-stop teleportation journey
  2796 | D:3      | XOM: summons 2 hostile demons
  2901 | D:3      | XOM: destruction
  2902 | D:3      | Killed from afar by an orc priest

Skill      XL: |  1  2  3  4  5  6  7 |
---------------+----------------------+-----
Fighting       | 3 4 |  4.7
Long Blades    | 4 6 |  6.9
Shields        | 1 |  1.5
Armour         | |  2.1
Dodging        | |  1.1

Action                   |  1- 3 |  4- 6 |  7- 9 || total
-------------------------+-------+-------+-------++-------
Melee: Falchion          |   123 |    45 |   149 ||   317
 Stab: Sleeping          |     1 |       |       ||     1
       Confused          |       |     1 |     1 ||     2
  Eat: Chunk             |     2 |       |     5 ||     7
Armor: Leather armour    |    41 |     9 |    42 ||    92
Dodge: Dodged            |    78 |    23 |    73 ||   174
       Deflected         |       |       |     1 ||     1
Block: Buckler           |       |       |    17 ||    17
       Rpst.: Falchion   |    21 |     8 |    21 ||    50
